 Dungeon Crawl Stone Soup version 0.23.2-1-ga50397a6bc (webtiles) character file.

Game seed: 18106090293345283327

70609 Peloso the Fencer (level 14, -1/133 HPs)
             Began as a Minotaur Fighter on Apr 21, 2019.
             Was the Champion of Okawaru.
             Killed from afar by a gargoyle (3 damage)
             ... with a stone arrow
             ... while petrified by you
             ... in a Gauntlet.
             The game lasted 01:14:53 (26953 turns).

Peloso the Fencer (Minotaur Fighter)               Turns: 26953, Time: 01:14:54

Health: -1/133     AC: 18    Str: 24    XL:     14   Next: 94%
Magic:  15/15      EV:  2    Int:  5    God:    Okawaru [******]
Gold:   1930       SH:  0    Dex: 12    Spells: 13/13 levels left

rFire    . . .     SeeInvis .   a - +7 scimitar of the Traitor {slice, +Fly}
rCold    . . .     Gourm    .   c - +0 shield
rNeg     + + +     Faith    .   w - +0 plate armour
rPois    ∞         Spirit   .   (helmet restricted)
rElec    .         Reflect  +   i - +1 cloak
rCorr    +         Harm     .   (no gloves)
MR       +....     NoTele   +   (no boots)
Stlth    ..........             x - +2 amulet of reflection
HPRegen  0.32/turn              v - ring of resist corrosion
MPRegen  0.14/turn              z - ring of poison resistance

@: petrified, drained
A: retaliatory headbutt, horns 2
a: Heroism, Finesse, Renounce Religion, Evoke Flight


You were in a Gauntlet.
You worshipped Okawaru.
Okawaru was exalted by your worship.
You were near starving.

You visited 4 branches of the dungeon, and saw 23 of its levels.
You also visited: Sewer, Bailey and Gauntlet.

You collected 2168 gold pieces.
You spent 238 gold pieces at shops.

Inventory:

Hand Weapons
 a - the +7 scimitar of the Traitor (weapon) {slice, +Fly}
   (You found it on level 1 of the Orcish Mines)

   It inflicts extra damage upon your enemies.
   It lets you fly.
 b - a +0 scimitar of flaming
Armour
 c - a +0 shield (worn)
 i - a +1 cloak (worn)
 w - a +0 plate armour (worn)
 G - a scarf of repulsion
Jewellery
 j - an uncursed ring of protection from fire
 o - an uncursed amulet of regeneration
 v - a ring of resist corrosion (left hand)
 x - a +2 amulet of reflection (around neck)
 z - a ring of poison resistance (right hand)
 J - an uncursed ring of ice
Wands
 L - a wand of digging (3)
Scrolls
 g - 7 scrolls of magic mapping
 h - 14 scrolls of remove curse
 k - 5 scrolls of fog
 m - 2 scrolls of blinking
 p - 11 scrolls of teleportation
 q - 2 scrolls of fear
 r - 8 scrolls of identify
 y - 2 scrolls of noise
Potions
 e - 2 potions of curing
 l - 2 potions of heal wounds
 s - 2 potions of agility
 u - a potion of berserk rage
 S - a potion of flight
Comestibles
 f - 28 rations


   Skills:
 + Level 14.3(12.8) Fighting
 + Level 16.1(14.6) Long Blades
 + Level 15.0(13.6) Armour
 + Level 4.2(3.0) Dodging
 + Level 2.1(1.0) Stealth
 + Level 15.8(14.3) Shields
 + Level 2.7(1.7) Invocations
 + Level 1.0(0.0) Evocations


You had 13 spell levels left.
You didn't know any spells.
Your spell library contained the following spells:

 Spells                   Type           Power        Failure   Level  Hunger
 Confusing Touch          Hex            #.....       99%         1    ##.....
 Corona                   Hex            #......      99%         1    ##.....
 Sandblast                Erth           #.....       99%         1    ##.....
 Ensorcelled Hibernation  Hex/Ice        #.....       100%        2    ###....
 Passwall                 Tmut/Erth      #.......     100%        2    ###....
 Poisonous Vapours        Pois/Air       #.....       100%        2    ###....
 Confuse                  Hex            #.......     100%        3    ####...
 Conjure Flame            Conj/Fire      #.......     100%        3    ####...
 Dazzling Spray           Conj/Hex       #.....       100%        3    ####...
 Gell's Gravitas          Tloc           #.........   100%        3    ####...
 Inner Flame              Hex/Fire       #.......     100%        3    ####...
 Mephitic Cloud           Conj/Pois/Air  #.......     100%        3    ####...
 Portal Projectile        Hex/Tloc       #.....       100%        3    ####...
 Stone Arrow              Conj/Erth      #.....       100%        3    ####...
 Tukima's Dance           Hex            #.......     100%        3    ####...
 Force Lance              Conj/Tloc      #.......     100%        4    #####..
 Leda's Liquefaction      Hex/Erth       #.........   100%        4    #####..
 Petrify                  Tmut/Erth      #.......     100%        4    #####..
 Lee's Rapid Deconstruct  Erth           #.........   100%        5    ######.
 Dispersal                Tloc           #.........   100%        6    #######
 Freezing Cloud           Conj/Ice/Air   #.........   100%        6    #######
 Invisibility             Hex            #.......     100%        6    #######
 Ring of Flames           Chrm/Fire      #.........   100%        7    #######
 Controlled Blink         Tloc           N/A          100%        8    #######
 Disjunction              Tloc           #.........   100%        8    #######


Dungeon Overview and Level Annotations

Branches:
Dungeon (14/15)            Temple (1/1) D:6            Lair (6/6) D:10
 Shoals (0/4) Lair:2       Spider (0/4) Lair:2        Slime (0/5) Lair:5
    Orc (2/2) D:10            Elf (0/3) Orc:2
 Vaults: D:13-14

Altars:
Ashenzari
Cheibriados
Dithmenos
Elyvilon
Fedhas
Gozag
Hepliaklqana
Kikubaaqudgha
Makhleb
Nemelex Xobeh
Okawaru
Qazlal
Ru
Sif Muna
Trog
Uskayaw
Vehumet
Wu Jian
Xom
Yredelemnul
The Shining One
Jiyva

Shops:
D:6 *   D:9 ?

Annotations:
Gauntlet 15 transporters, 21 runed translucent doors


Innate Abilities, Weirdness & Mutations

You reflexively headbutt those who attack you in melee.
You have a pair of horns on your head.


Message History

* * * LOW HITPOINT WARNING * * *
You have turned to stone.
You are engulfed in calcifying dust.
The gargoyle hurls a stone arrow at you.
The stone arrow hits you!
* * * LOW HITPOINT WARNING * * *
You are engulfed in calcifying dust.
The gargoyle hits you with a +0 flail!
* * * LOW HITPOINT WARNING * * *
You are engulfed in calcifying dust. x2
The gargoyle hurls a stone arrow at you.
The stone arrow hits you!
* * * LOW HITPOINT WARNING * * *
The gargoyle hits you with a +0 flail!
* * * LOW HITPOINT WARNING * * *
The gargoyle hits you with a +0 flail!
* * * LOW HITPOINT WARNING * * *
The gargoyle hits you but does no damage.
The gargoyle hurls a stone arrow at you.
The stone arrow hits you!
You die...

###.∩.###################
.......................≈#
....©...................###
##########.###########..#8#
.........#.#.........#..###
.........#.#.#.#.#.#.#....#
.........#.#..#.#.#.(#....###
.........#.#.#.#.#.#=###..#8#
....©....#.#..#9@.#.©#©#..###
.........#.#.#.#.#.#.#.#..#
.........#.#..#.#.#..#.#..### ###
...[.....#.#.#.#.#.#.#.#..#8# #8#
....©!...#.#.........#.#..#######
######################.#.........
....©.........©#≈§8≈≈#.#.........
######################.##########
§§§≈8§≈≈≈#©...........©..........


You could see a gargoyle.

Vanquished Creatures
  An orc warlord (Orc:1)
  The ghost of elbjorno the Cleaver, a journeyman MiBe of Trog (Lair:6)
  Azrael (D:13)
  Josephine (Orc:1)
  Fannar (Lair:1)
  Erolcha (Orc:1)
  Harold (D:9)
  6 hydras
  A vault guard (D:13)
  3 catoblepae
  A deep troll shaman (Lair:6)
  A two-headed ogre (D:9)
  6 death yaks
  An orc high priest (Orc:1)
  Urug (D:13)
  An unseen horror (D:8)
  A deep elf archer (Orc:1)
  A lindwurm (Lair:6)
  An orc knight (Orc:1)
  3 orc sorcerers (Orc:1)
  5 deep elf magi
  An oklob plant (Gauntlet)
  A moth of wrath (Lair:6)
  3 ugly things
  A cyclops (D:14)
  7 elephants
  3 merfolk sirens (Lair:2)
  2 black mambas
  2 torpor snails
  17 spiny frogs
  2 rime drakes
  A kobold demonologist (D:12)
  7 komodo dragons
  5 trolls
  A queen bee (Lair:3)
  A merfolk (Lair:2)
  A hornet (D:12)
  2 polar bears
  5 slime creatures (D:13)
  11 hippogriffs
  11 blink frogs
  3 wyverns
  A vampire (D:14)
  31 yaks
  5 wraiths
  6 fire elementals (D:13)
  A basilisk (D:14)
  A hungry ghost (D:13)
  5 vampire mosquitoes (D:13)
  A steam dragon (D:10)
  A warg (Orc:1)
  5 acid dragons
  14 water moccasins
  A hell hound (D:13)
  11 porcupines
  16 orc warriors
  3 ice beasts
  2 sky beasts
  An eye of draining (D:14)
  3 black bears
  4 phantoms
  7 ogres
  5 centaurs
  27 wolves
  14 crocodiles
  20 bullfrogs
  A wyvern zombie (D:14)
  8 gnoll sergeants (Bailey)
  9 scorpions
  A wyvern skeleton (D:8)
  34 killer bees
  4 wights (D:10)
  4 electric eels (D:12)
  6 crimson imps
  2 howler monkeys
  3 centaur zombies
  A quasit (D:8)
  8 orc priests
  2 bullfrog skeletons
  6 gnoll shamans (Bailey)
  5 hounds
  3 jellies
  11 orc wizards
  5 centaur skeletons
  7 iguanas
  7 hell rats
  10 worker ants
  A hound zombie (D:6)
  2 hound skeletons
  23 gnolls
  17 adders
  4 river rats (Sewer)
  An adder skeleton (D:4)
  7 worms
  2 dart slugs
  2 leopard geckos
  71 orcs
  6 ball pythons
  6 bats
  2 bat zombies (D:6)
  11 giant cockroaches
  5 goblins
  5 hobgoblins
  11 jackals
  6 kobolds
  7 quokkas
  11 frilled lizards
  A jackal zombie (D:6)
  A leopard gecko skeleton (D:6)
  23 rats
  2 rat zombies (D:6)
  A fungus (Lair:1)
  2 plants
678 creatures vanquished.

Vanquished Creatures (others)
  2 orcs (Orc:1)
  3 fungi
  4 plants
9 creatures vanquished.

Grand Total: 687 creatures vanquished

Notes
Turn   | Place    | Note
-------+----------+-------------------------------------------
     0 | D:1      | Peloso the Minotaur Fighter began the quest for the Orb.
     0 | D:1      | Reached XP level 1. HP: 19/19 MP: 0/0
    44 | D:1      | Reached XP level 2. HP: 26/27 MP: 1/1
   541 | D:2      | Reached skill level 3 in Long Blades
   541 | D:2      | Reached XP level 3. HP: 21/33 MP: 2/2
   789 | D:2      | You fall through a shaft for 2 floors!
   805 | D:4      | Reached XP level 4. HP: 31/40 MP: 3/3
   871 | D:4      | Found a glowing drain.
   913 | D:4      | Reached skill level 4 in Long Blades
   928 | Sewer    | Entered a sewer
   991 | Sewer    | Reached XP level 5. HP: 28/47 MP: 4/4
  1165 | Sewer    | Reached skill level 5 in Armour
  1397 | D:4      | Noticed a phantom
  1411 | D:4      | Noticed an orc warrior
  1437 | D:4      | Killed a phantom
  1437 | D:4      | Reached skill level 5 in Fighting
  1437 | D:4      | Reached XP level 6. HP: 56/56 MP: 5/5
  1731 | D:3      | Reached skill level 5 in Long Blades
  2230 | D:4      | Reached skill level 5 in Shields
  2373 | D:4      | Killed an orc warrior
  2373 | D:4      | Reached skill level 1 in Dodging
  2373 | D:4      | Reached XP level 7. HP: 14/61 MP: 6/6
  2920 | D:3      | Reached skill level 6 in Long Blades
  3596 | D:5      | Entered Level 5 of the Dungeon
  3693 | D:5      | Found a snail-covered altar of Cheibriados.
  3956 | D:5      | Noticed a yak
  3956 | D:5      | Noticed a yak
  3957 | D:5      | Noticed a yak
  3957 | D:5      | Noticed a yak
  3958 | D:5      | Noticed a yak
  3963 | D:5      | Killed a yak
  3963 | D:5      | Reached skill level 7 in Long Blades
  3967 | D:5      | Killed a yak
  3967 | D:5      | Reached XP level 8. HP: 66/70 MP: 7/7
  3975 | D:5      | Reached skill level 8 in Long Blades
  4483 | D:6      | Reached skill level 9 in Long Blades
  4672 | D:6      | Reached XP level 9. HP: 43/78 MP: 8/8
  4899 | D:6      | Found Qanoic's General Store.
  4930 | D:6      | Bought a scroll of magic mapping for 38 gold pieces
  4930 | D:6      | Bought a scroll of enchant armour for 82 gold pieces
  4930 | D:6      | Bought a scroll of amnesia for 38 gold pieces
  5056 | D:6      | Found a staircase to the Ecumenical Temple.
  5068 | Temple   | Entered the Ecumenical Temple
  5086 | Temple   | Became a worshipper of Warmaster Okawaru
  5204 | D:6      | Found an ancient bone altar of Kikubaaqudgha.
  5290 | D:7      | Found a sparkling altar of Nemelex Xobeh.
  5718 | D:7      | Reached skill level 10 in Long Blades
  5869 | D:7      | Found a shadowy altar of Dithmenos.
  6145 | D:8      | Reached * piety under Okawaru
  6217 | D:8      | Killed an unseen horror
  6217 | D:8      | Reached ** piety under Okawaru
  6531 | D:8      | Reached skill level 1 in Stealth
  6684 | D:8      | Found a sacrificial altar of Ru.
  6768 | D:8      | Reached skill level 11 in Long Blades
  6825 | D:8      | Identified Sif Muna's Grimoire of Execration and Earth
  6861 | D:8      | Reached XP level 10. HP: 86/86 MP: 9/9
  7089 | D:9      | Found a stormy altar of Qazlal.
  7089 | D:9      | Found a shimmering altar of Xom.
  7121 | D:9      | Found a deep blue altar of Sif Muna.
  7121 | D:9      | Noticed Harold
  7134 | D:9      | Killed Harold
  7134 | D:9      | Reached *** piety under Okawaru
  7205 | D:9      | Found Fiureler's Magic Scroll Boutique.
  7208 | D:9      | Bought a scroll of fog for 32 gold pieces
  7208 | D:9      | Bought a scroll of teleportation for 48 gold pieces
  7226 | D:9      | Found a white marble altar of Elyvilon.
  7282 | D:9      | Noticed a two-headed ogre
  7287 | D:9      | Killed a two-headed ogre
  7395 | D:9      | Reached **** piety under Okawaru
  7656 | D:10     | Entered Level 10 of the Dungeon
  7705 | D:10     | Reached skill level 12 in Long Blades
  8041 | D:10     | Found a staircase to the Orcish Mines.
  8093 | D:10     | Reached skill level 10 in Armour
  8152 | D:10     | Reached XP level 11. HP: 70/97 MP: 10/10
  8288 | D:10     | Found a staircase to the Lair.
  8288 | D:10     | Noticed a death yak
  8292 | D:10     | Noticed a death yak
  8308 | D:10     | Noticed a death yak
  8309 | D:10     | Killed a death yak
  8309 | D:10     | Reached ***** piety under Okawaru
  8314 | D:10     | Killed a death yak
  8314 | D:10     | Reached skill level 10 in Shields
  8324 | D:10     | Killed a death yak
  8324 | D:10     | Received a gift from Okawaru
  8324 | D:10     | Reached skill level 13 in Long Blades
  9872 | D:12     | Reached skill level 10 in Fighting
 10447 | Lair:1   | Entered Level 1 of the Lair of Beasts
 10610 | Lair:1   | Reached skill level 14 in Long Blades
 10728 | Lair:1   | Noticed Fannar
 10739 | Lair:1   | Killed Fannar
 10739 | Lair:1   | Reached XP level 12. HP: 94/107 MP: 8/11
 11290 | Lair:2   | Received a gift from Okawaru
 11615 | Lair:2   | Found a hole to the Spider Nest.
 11735 | Lair:2   | Found a staircase to the Shoals.
 13386 | Lair:3   | Noticed a six-headed hydra
 13508 | D:13     | Noticed Urug
 13539 | D:13     | Killed Urug
 13566 | D:13     | Reached skill level 1 in Invocations
 13588 | D:13     | Reached skill level 15 in Long Blades
 13600 | D:13     | Reached XP level 13. HP: 26/118 MP: 7/13
 13677 | D:13     | Noticed Azrael
 13704 | D:13     | Killed Azrael
 13772 | D:13     | Found a flagged portal.
 13846 | Bailey   | Entered a bailey
 13861 | Bailey   | Received a gift from Okawaru
 13871 | Bailey   | Got pitted steam dragon scales {god gift}
 14050 | Bailey   | Identified the +2 steam dragon scales of the Devil's
                  | Advocate {rPois rC+ Int+6 Stlth-} (Okawaru gifted it to you
                  | in a bailey)
 14835 | D:13     | Found a shadowy altar of Dithmenos.
 15414 | Lair:3   | Got an iridescent mace
 15415 | Lair:3   | Identified the +7 mace of Honour {drain, rPois MP+9 Str+2
                  | Dex-5} (You found it on level 3 of the Lair of Beasts)
 18950 | Lair:5   | Found a viscous altar of Jiyva.
 18951 | Lair:5   | Found a staircase to the Slime Pits.
 19464 | Lair:6   | Entered Level 6 of the Lair of Beasts
 19495 | Lair:6   | Reached ****** piety under Okawaru
 19505 | Lair:6   | Reached XP level 14. HP: 55/129 MP: 14/14
 19860 | Lair:6   | Received a gift from Okawaru
 19876 | Lair:6   | Got a jet-encrusted ring mail {god gift}
 19889 | Lair:6   | Noticed elbjorno's ghost (journeyman MiBe)
 19911 | Lair:6   | Found a transporter.
 20469 | Lair:6   | Found a transporter.
 21647 | Lair:6   | Killed elbjorno's ghost
 21997 | Lair:6   | Got a twisted hat
 22003 | Lair:6   | Identified the +2 hat of Ytseun {+Blink rPois Str-4 Dex-4
                  | Stlth+} (You found it on level 6 of the Lair of Beasts)
 22586 | D:14     | Reached skill level 15 in Shields
 23876 | Orc:1    | Entered Level 1 of the Orcish Mines
 24343 | Orc:1    | Noticed Erolcha
 24343 | Orc:1    | Identified the +7 scimitar of the Traitor {slice, +Fly}
 24349 | Orc:1    | Killed Erolcha
 24349 | Orc:1    | Reached skill level 1 in Evocations
 24354 | Orc:1    | Reached skill level 16 in Long Blades
 25003 | Orc:1    | Received a gift from Okawaru
 25007 | Orc:1    | Noticed an orc warlord
 25236 | Orc:1    | Killed an orc warlord
 25374 | Orc:1    | Found a radiant altar of Vehumet.
 25603 | Orc:1    | Noticed Josephine
 25616 | Orc:1    | Killed Josephine
 25616 | Orc:1    | Reached skill level 15 in Armour
 26233 | Orc:2    | Entered Level 2 of the Orcish Mines
 26241 | Orc:2    | Found a staircase to the Elven Halls.
 26300 | Orc:2    | Found a gate leading to a gauntlet.
 26309 | Gauntlet | Entered a Gauntlet
 26309 | Gauntlet | Found a transporter.
 26320 | Gauntlet | Found a transporter.
 26336 | Gauntlet | Found a transporter.
 26342 | Gauntlet | Found a transporter.
 26357 | Gauntlet | Found a transporter.
 26358 | Gauntlet | Found the +0 Maxwell's etheric cage {RegenMP+ *Contam rElec
                  | MP+4}
 26376 | Gauntlet | Found a transporter.
 26376 | Gauntlet | Noticed a balrug
 26385 | Gauntlet | Found a transporter.
 26400 | Gauntlet | Found a transporter.
 26408 | Gauntlet | Found a large runed translucent door.
 26409 | Gauntlet | Found a large runed translucent door.
 26410 | Gauntlet | Found a large runed translucent door.
 26410 | Gauntlet | Found a large runed translucent door.
 26411 | Gauntlet | Found a runed translucent gate.
 26412 | Gauntlet | Found a transporter.
 26412 | Gauntlet | Found a runed translucent gate.
 26413 | Gauntlet | Found a runed translucent gate.
 26414 | Gauntlet | Found a large runed translucent door.
 26414 | Gauntlet | Found a large runed translucent door.
 26415 | Gauntlet | Found a large runed translucent door.
 26416 | Gauntlet | Found a large runed translucent door.
 26424 | Gauntlet | Found a transporter.
 26441 | Gauntlet | Found a transporter.
 26470 | Gauntlet | Found a large runed translucent door.
 26470 | Gauntlet | Found a large runed translucent door.
 26470 | Gauntlet | Found a runed translucent door.
 26470 | Gauntlet | Found a runed translucent door.
 26471 | Gauntlet | Found a large runed translucent door.
 26472 | Gauntlet | Found a large runed translucent door.
 26474 | Gauntlet | Found a transporter.
 26501 | Gauntlet | Found a large runed translucent door.
 26501 | Gauntlet | Found a large runed translucent door.
 26502 | Gauntlet | Found a large runed translucent door.
 26503 | Gauntlet | Found a large runed translucent door.
 26505 | Gauntlet | Found a transporter.
 26507 | Gauntlet | Found a transporter.
 26549 | Gauntlet | Found a transporter.
 26551 | Gauntlet | Found a transporter.
 26583 | Gauntlet | Found a transporter.
 26655 | Gauntlet | Found a transporter.
 26950 | Gauntlet | HP: 4/133 [gargoyle/+0 flail (3)]
 26951 | Gauntlet | HP: 1/133 [gargoyle/+0 flail (3)]
 26953 | Gauntlet | Killed from afar by a gargoyle

Skill      XL: |  1  2  3  4  5  6  7  8  9 10 11 12 13 14 |
---------------+-------------------------------------------+-----
Armour         | 4 5 6 7 9 10 11 12 13 15 | 15.0
Shields        | 4 5 6 7 9 10 12 14 15 | 15.8
Fighting       | 4 5 6 7 9 10 12 13 14 | 14.3
Long Blades    | 3 4 5 7 9 11 12 14 15 16 | 16.1
Dodging        | 1 2 3 4 |  4.2
Stealth        | 1 2 |  2.1
Invocations    | 1 2 |  2.7
Evocations     | 1 |  1.0

Action                   |  1- 3 |  4- 6 |  7- 9 | 10-12 | 13-15 || total
-------------------------+-------+-------+-------+-------+-------++-------
Melee: Long sword        |    65 |   201 |   406 |     2 |       ||   674
       Headbutt          |    13 |    40 |    88 |   135 |   290 ||   566
       Scimitar          |       |       |       |   698 |  1010 ||  1708
Invok: Heroism           |       |       |     1 |     7 |    13 ||    21
       Finesse           |       |       |       |     1 |     2 ||     3
Evoke: Wand              |       |       |       |     8 |     4 ||    12
  Use: Scroll            |       |       |    12 |     4 |    11 ||    27
       Potion            |       |       |     3 |     2 |     4 ||     9
 Stab: Petrified         |       |       |       |       |     2 ||     2
  Eat: Chunk             |       |     1 |    15 |    20 |    46 ||    82
       Ration            |       |     1 |       |     1 |     1 ||     3
Armor: Scale mail        |    30 |    36 |       |       |       ||    66
       Chain mail        |       |    43 |       |       |       ||    43
       Plate armour      |       |       |   234 |   201 |   389 ||   824
Dodge: Dodged            |    21 |    51 |    83 |   226 |   302 ||   683
       Deflected         |       |       |       |       |     4 ||     4
Block: Shield            |    41 |    93 |   224 |   430 |   701 ||  1489
       Reflection        |       |       |       |       |     9 ||     9
       Rpst.: Long sword |     6 |    10 |    29 |     1 |       ||    46
       Scimitar          |       |       |       |    65 |    62 ||   127
